 Dungeon Crawl Stone Soup version 0.21.1-1-g345015f (webtiles) character file.

352 Verr the Ruffian (level 6, -1/45 HPs)
             Began as a Draconian Transmuter on Mar 24, 2018.
             Was a Priest of Ru.
             Slain by an ogre
             ... wielding a +0 giant spiked club
              (22 damage)
             ... on level 4 of the Dungeon.
             The game lasted 00:26:36 (5234 turns).

Verr the Ruffian (Draconian Transmuter)             Turns: 5234, Time: 00:26:37

Health: -1/45      AC:  7    Str: 13    XL:     6   Next: 35%
Magic:  1/10       EV: 12    Int: 15    God:    Ru [***...]
Gold:   239        SH:  0    Dex: 11    Spells: 1/11 levels left

rFire    + . .     SeeInvis .     - Unarmed
rCold    + . .     Gourm    .   (no shield)
rNeg     . . .     Faith    .   (armour unavailable)
rPois    .         Spirit   .   (helmet restricted)
rElec    +         Reflect  .   q - scarf {rC+ rF+}
rCorr    .         Harm     .   v - +0 pair of gloves
MR       .....     Clarity  +   (no boots)
Stlth    +.........             (no amulet)
HPRegen  0.15/turn              d - +2 ring of strength
MPRegen  0.12/turn              (no ring)

@: appendage (expiring)
A: unfitting armour, horns 2, clarity, frail 1, electricity resistance, weak 1,
cold-blooded, AC +6
a: End Transformation, Draw Out Power, Renounce Religion


You were on level 4 of the Dungeon.
You worshipped Ru.
Ru was most pleased with you.
You were near starving.
You had grown temporary horns.
You visited 1 branch of the dungeon, and saw 4 of its levels.

You collected 239 gold pieces.

Inventory:

Hand Weapons
 i - a cursed -2 dagger
 y - a +0 blowgun
Missiles
 a - 72 arrows
 m - 118 stones (quivered)
 o - 5 needles of sleeping
 z - 28 poisoned needles
Armour
 q - a scarf of resistance (worn)
 v - a +0 pair of gloves (worn)
Jewellery
 d - a +2 ring of strength (left hand)
 t - an uncursed amulet of faith
Wands
 e - a wand of flame (23)
Scrolls
 h - a scroll of blinking
 j - 3 scrolls of identify
 k - a scroll of immolation {unknown}
 l - a scroll of remove curse
 r - a scroll of amnesia
 A - a scroll of noise {unknown}
Potions
 f - a potion of brilliance {unknown}
 g - a potion of resistance
 n - a potion of flight
 p - a potion of mutation
 s - a potion of degeneration {unknown}
Books
 b - a book of Changes

   Spells                             Type                      Level
   a - Beastly Appendage              Transmutation                1
   b - Sticks to Snakes               Transmutation                2
   c - Spider Form                    Transmutation/Poison         3
   d - Ice Form                       Ice/Transmutation            4
   e - Blade Hands                    Transmutation                5
 u - a book of Cantrips

   Spells                             Type                      Level
   a - Confusing Touch                Hexes                        1
   b - Animate Skeleton               Necromancy                   1
   c - Summon Small Mammal            Summoning                    1
   d - Apportation                    Translocation                1
 x - a book of Minor Magic

   Spells                             Type                      Level
   a - Magic Dart                     Conjuration                  1
   b - Blink                          Translocation                2
   c - Call Imp                       Summoning                    2
   d - Slow                           Hexes                        2
   e - Conjure Flame                  Conjuration/Fire             3
   f - Mephitic Cloud                 Conjuration/Poison/Air       3
Comestibles
 c - 2 rations


   Skills:
 + Level 3.0 Fighting
 - Level 2.1 Dodging
 + Level 3.9 Unarmed Combat
 + Level 3.0 Spellcasting
 + Level 1.1 Hexes
 + Level 1.0 Summonings
 * Level 3.6 Transmutations
 * Level 2.2 Ice Magic


You had one spell level left.
You knew the following spells:

 Your Spells              Type           Power        Failure   Level  Hunger
a - Beastly Appendage     Tmut           ##....       4%          1    #......
b - Ice Form              Ice/Tmut       ##......     52%         4    #####..
c - Confusing Touch       Hex            #.....       13%         1    #......
d - Apportation           Tloc           #.....       21%         1    #......
e - Summon Small Mammal   Summ           #...         13%         1    #......
f - Call Imp              Summ           #.......     21%         2    ##.....


Dungeon Overview and Level Annotations

Branches:
Dungeon (4/15)
 Temple: D:4-7

Altars:
Fedhas
Hepliaklqana
Ru
Sif Muna
Wu Jian

Annotations:
D:4 bmj180's ghost, amateur HaFi


Innate Abilities, Weirdness & Mutations

Your plain brown scales are hard. (AC +6)
You cannot fit into any form of body armour.
You are frail. (-10% HP)
You are cold-blooded and may be slowed by cold attacks.
You have a pair of horns on your head.
You possess an exceptional clarity of mind.
You are resistant to electric shocks. (rElec)
You are weak. (Str -2)


Message History

The ogre screams, "I'll kill you anyway!"
Casting: Confusing Touch
Confirm with . or Enter, or press ? or * to list all spells.
You grow a pair of large bovine horns.
The ogre closely misses you.
You barely miss the ogre.
The ogre hits you with a giant spiked club!!
Ouch! That really hurt!
Casting: Beastly Appendage
Confirm with . or Enter, or press ? or * to list all spells.
A beastly little devil appears in a puff of flame.
You are near starving!
Your crimson imp hits the ogre.
Your crimson imp hits the ogre.
Your transformation is almost over.
There is a stone staircase leading up here.
Casting: Call Imp
Confirm with . or Enter, or press ? or * to list all spells.
A beastly little devil appears in a puff of frigid air.
The ogre hits you with a giant spiked club!!
You die...

..........##.#.######..#.#
..........##.#.#....#..#.#
####'####h##.#.#.#.##..#.#
#..# #.##.#.#.#..#..#.# #
##.###.##.#.#....#..#.#
...##[.##.##.#[#.5..#..#
...'.......#.#.#.5..#..#
...###.......#.#O#..#..#
W. #...(...#.#@#..#..# .
#.......#.#.#5.####
#.......#.#.#..#
#.......#.#.#..#
#...>...#.#.#..#
#......##.#....#
#.......#.####.#
..###.......#......#
....'.......########


You could see an ogre, a friendly crimson imp and a friendly white imp.

Vanquished Creatures
  A hound (D:4)
  An orc priest (D:2)
  Natasha (thrice) (D:4)
  A worker ant (D:4)
  4 gnolls
  3 adders (D:3)
  2 oozes
  A worm (D:4)
  4 dart slugs (D:1)
  6 orcs
  4 giant cockroaches
  5 goblins
  3 hobgoblins
  A jackal (D:4)
  4 bats
  4 frilled lizards
  5 kobolds
  6 rats
58 creatures vanquished.

Vanquished Creatures (collateral kills)
  An ogre (D:4)
  A worker ant (D:4)
2 creatures vanquished.

Grand Total: 60 creatures vanquished

Notes
Turn   | Place    | Note
-------+----------+-------------------------------------------
     0 | D:1      | Verr the Draconian Transmuter began the quest for the Orb.
     0 | D:1      | Reached XP level 1. HP: 16/16 MP: 3/3
   150 | D:1      | Reached XP level 2. HP: 19/23 MP: 3/5
   908 | D:1      | Reached XP level 3. HP: 29/29 MP: 6/6
  1453 | D:2      | Found a sacrificial altar of Ru.
  1476 | D:2      | Became a worshipper of Ru the Awakened
  1987 | D:2      | Reached XP level 4. HP: 15/36 MP: 7/7
  2211 | D:3      | Learned a level 4 spell: Ice Form
  2331 | D:3      | Found a blossoming altar of Fedhas.
  2766 | D:3      | Reached skill level 1 in Ice Magic
  2795 | D:2      | Reached XP level 5. HP: 7/42 MP: 7/9
  3047 | D:3      | Found an ornate altar of the Wu Jian Council.
  3100 | D:3      | Found a hazy altar of Hepliaklqana.
  3174 | D:3      | Learned a level 1 spell: Confusing Touch
  3176 | D:3      | Learned a level 1 spell: Apportation
  3178 | D:3      | Learned a level 1 spell: Summon Small Mammal
  3474 | D:3      | Gained mutation: You are frail. (-10% HP) [Ru sacrifice]
  3474 | D:3      | Reached * piety under Ru
  3474 | D:3      | Reached ** piety under Ru
  3474 | D:3      | Reached *** piety under Ru
  3668 | D:3      | Found a deep blue altar of Sif Muna.
  3687 | D:4      | Gained mutation: You possess an exceptional clarity of mind. [potion of mutation]
  3687 | D:4      | Gained mutation: You are weak. (Str -2) [potion of mutation]
  3687 | D:4      | Gained mutation: You are resistant to electric shocks. (rElec) [potion of mutation]
  3700 | D:4      | Noticed Natasha
  3718 | D:4      | Killed Natasha
  3751 | D:4      | Noticed an ogre
  4311 | D:4      | Noticed Natasha
  4354 | D:4      | Killed Natasha
  4598 | D:4      | Killed an ogre
  4598 | D:4      | Reached XP level 6. HP: 45/45 MP: 5/10
  4607 | D:4      | Learned a level 2 spell: Call Imp
  4628 | D:4      | Noticed bmj180's ghost (amateur HaFi)
  4660 | D:4      | Reached skill level 1 in Hexes
  4712 | D:4      | Reached skill level 1 in Summonings
  4923 | D:4      | Noticed Natasha
  4968 | D:4      | Killed Natasha
  5234 | D:4      | Slain by an ogre

Skill      XL: |  1  2  3  4  5  6 |
---------------+-------------------+-----
Dodging        | 2 |  2.1
Fighting       | 2 3 |  3.0
Transmutations | 3 |  3.6
Ice Magic      | 1 2 |  2.2
Spellcasting   | 3 |  3.0
Hexes          | 1 |  1.1
Summonings     | 1 |  1.0
Unarmed Combat | |  3.9

Action                   |  1- 3 |  4- 6 || total
-------------------------+-------+-------++-------
Melee: Unarmed           |    86 |   176 ||   262
       Kick              |     9 |    11 ||    20
       Tailslap          |     5 |    19 ||    24
       Headbutt          |     8 |    10 ||    18
       Punch             |     1 |       ||     1
Throw: Stone             |     3 |     1 ||     4
 Cast: Beastly Appendage |    18 |    18 ||    36
       Summon Small Mamm |       |     7 ||     7
       Ice Form          |       |     1 ||     1
       Call Imp          |       |    16 ||    16
       Confusing Touch   |       |     1 ||     1
Invok: Draw Out Power    |       |     1 ||     1
       Sacrifice Health  |       |     1 ||     1
  Use: Scroll            |       |     6 ||     6
       Potion            |       |     5 ||     5
 Stab: Sleeping          |     1 |       ||     1
  Eat: Chunk             |     2 |     2 ||     4
       Ration            |     1 |     2 ||     3
Armor: Skin              |    17 |    44 ||    61
Dodge: Dodged            |    42 |    82 ||   124
